| TOP OF THE 1ST |
|
Danville Braves batting - Pitching for Chicago (APP) Cubs : RHP Anastagio Fasola
|
|
Pitching: RHP Anastagio Fasola
|
|
|
Batting: RHB Rafael Reyes
|
0-0: Called Strike 0-1: Foul Ball, location: 2F 0-2: Ground out 3-1 (Groundball, 34, EV 88.1 MPH)
|
|
Batting: RHB Gebre-Giorgios Wangondu
|
0-0: Swinging Strike 0-1: Ball 1-1: Ball 2-1: Ball 3-1: Swinging Strike 3-2: Foul Ball, location: 2F 3-2: Base on Balls
|
|
Batting: LHB Tamaichi Sasada
|
0-0: Called Strike 0-1: Ball Gebre-Giorgios Wangondu steals 2nd base 1-1: 2-RUN HOME RUN (Flyball, 89XD, EV 105.6 MPH), Distance : 441 ft
|
|
Batting: RHB Tim Molchan
|
0-0: Ball 1-0: Ball 2-0: Called Strike 2-1: Ground out U3 (Groundball, 13, EV 88.8 MPH)
|
|
Batting: RHB Dave Pizarro
|
0-0: Ball 1-0: Called Strike 1-1: Ball 2-1: Ball 3-1: Base on Balls
|
|
Batting: RHB Chris Trites
|
0-0: Ball 1-0: Ball 2-0: Called Strike Pickoff Throw to First - Error! E1 Dave Pizarro to second 2-1: Ball 3-1: Base on Balls
|
|
Batting: RHB Curtis Montgomery
|
0-0: Called Strike 0-1: Called Strike 0-2: Ball 1-2: DOUBLE (Line Drive, 8LD, EV 110.0 MPH) Dave Pizarro scores Chris Trites to third
|
|
Pitching: RHP Velimir Sljivancanin
|
|
|
Batting: RHB Vicente Guillen
|
0-0: Ball 1-0: Ball 2-0: Foul Ball, location: 2F 2-1: SINGLE (Line Drive, 56, EV 94.4 MPH) Chris Trites scores Curtis Montgomery to third
|
|
Batting: RHB Rodolfo Cosme
|
0-0: Called Strike 0-1: Foul Ball, location: 2F 0-2: Strikes out swinging
|
| Top of the 1st over - 4 runs, 3 hits, 1 error, 2 left on base; Danville 4 - Chicago (APP) 0 |
| BOTTOM OF THE 1ST |
|
Chicago (APP) Cubs batting - Pitching for Danville Braves : RHP Iestyn Nicholls
|
|
Pitching: RHP Iestyn Nicholls
|
|
|
Batting: RHB Adrian Cox
|
0-0: Ball 1-0: Swinging Strike 1-1: Ball 2-1: Called Strike 2-2: Strikes out swinging
|
|
Batting: RHB Mike Hill
|
0-0: Ball 1-0: Called Strike 1-1: Called Strike 1-2: Ball 2-2: Foul Ball, location: 2F 2-2: Fly out, F8 (Flyball, 8LXD, EV 97.5 MPH)
|
|
Batting: RHB T.J. Garrison
|
0-0: Ball 1-0: Ball 2-0: Ground out 5-3 (Groundball, 25, EV 92.5 MPH)
|
| Bottom of the 1st over - 0 runs, 0 hits, 0 errors, 0 left on base; Danville 4 - Chicago (APP) 0 |
| TOP OF THE 2ND |
|
Danville Braves batting - Pitching for Chicago (APP) Cubs : RHP Velimir Sljivancanin
|
|
Batting: RHB Rafael Reyes
|
0-0: Ball 1-0: SINGLE (Groundball, 56, EV 103.8 MPH) (infield hit)
|
|
Batting: RHB Gebre-Giorgios Wangondu
|
0-0: Ball Rafael Reyes steals 2nd base 1-0: Ball 2-0: Ball 3-0: Called Strike 3-1: Foul Ball, location: 2F 3-2: Base on Balls
|
|
Batting: LHB Tamaichi Sasada
|
0-0: Called Strike 0-1: SINGLE (Flyball, 9LS, EV 83.1 MPH) Rafael Reyes to third Gebre-Giorgios Wangondu to second
|
|
Batting: RHB Tim Molchan
|
0-0: Foul Ball, location: 2F 0-1: Ball 1-1: Called Strike 1-2: Ball 2-2: SINGLE (Groundball, 4D, EV 98.1 MPH) Rafael Reyes scores Gebre-Giorgios Wangondu to third Tamaichi Sasada to second
|
|
Pitching: RHP Trevor Woodbury
|
|
|
Batting: RHB Dave Pizarro
|
0-0: Ball 1-0: Foul Ball, location: 2F 1-1: GRAND SLAM HOME RUN (Flyball, 7LD, EV 98.8 MPH), Distance : 363 ft
|
|
Batting: RHB Chris Trites
|
0-0: Ball 1-0: Ball 2-0: Called Strike 2-1: Swinging Strike 2-2: Ball 3-2: Base on Balls
|
|
Batting: RHB Curtis Montgomery
|
0-0: Ball 1-0: Ball 2-0: Foul Ball, location: 2F 2-1: SINGLE (Groundball, 4MD, EV 97.5 MPH) Chris Trites to second
|
|
Batting: RHB Vicente Guillen
|
0-0: Ball 1-0: Foul Ball, location: 2F 1-1: Foul Ball, location: 2F 1-2: SINGLE (Groundball, 56S, EV 68.1 MPH) (infield hit) Chris Trites to third Curtis Montgomery to second
|
|
Batting: RHB Rodolfo Cosme
|
0-0: Called Strike 0-1: Ball 1-1: Ball 2-1: Called Strike 2-2: DOUBLE (Flyball, 8RD, EV 89.4 MPH) Chris Trites scores Curtis Montgomery scores Vicente Guillen to third
|
|
Pitching: RHP Jose Mata
|
|
|
Batting: RHB Rafael Reyes
|
0-0: Called Strike 0-1: Ball 1-1: Ball 2-1: Foul Ball, location: 2F 2-2: Foul Ball, location: 2F 2-2: Foul Ball, location: 2F 2-2: Ground out 6-3 (Groundball, 6, EV 108.8 MPH) Vicente Guillen scores
|
|
Batting: RHB Gebre-Giorgios Wangondu
|
0-0: Ball 1-0: Ball 2-0: Swinging Strike 2-1: Swinging Strike 2-2: Ball 3-2: Base on Balls
|
|
Batting: LHB Tamaichi Sasada
|
0-0: Swinging Strike 0-1: Fielders Choice at 2nd, 4-6 (Groundball, 4S, EV 88.8 MPH) Rodolfo Cosme to third
|
|
Batting: RHB Tim Molchan
|
0-0: Foul Ball, location: 2F 0-1: Foul Ball, location: 2F 0-2: Ball 1-2: Fly out, F9 (Flyball, 9LD, EV 103.8 MPH)
|
| Top of the 2nd over - 8 runs, 7 hits, 0 errors, 2 left on base; Danville 12 - Chicago (APP) 0 |
| BOTTOM OF THE 2ND |
|
Chicago (APP) Cubs batting - Pitching for Danville Braves : RHP Iestyn Nicholls
|
|
Batting: LHB Hiroki Yamamoto
|
0-0: Ball 1-0: Ball 2-0: Called Strike 2-1: Called Strike 2-2: Strikes out swinging
|
|
Batting: RHB Dustin Goldsborough
|
0-0: Foul Ball, location: 2F 0-1: Swinging Strike 0-2: Ball 1-2: Strikes out swinging
|
|
Batting: RHB Andy Baumhardt
|
0-0: Ball 1-0: Ball 2-0: Ball 3-0: Called Strike 3-1: Swinging Strike 3-2: Strikes out swinging, 2-3 out at first.
|
| Bottom of the 2nd over - 0 runs, 0 hits, 0 errors, 0 left on base; Danville 12 - Chicago (APP) 0 |
| TOP OF THE 3RD |
|
Danville Braves batting - Pitching for Chicago (APP) Cubs : RHP Jose Mata
|
|
Pitching: RHP Roberto Cruz
|
|
|
Batting: RHB Dave Pizarro
|
0-0: Ball 1-0: Foul Ball, location: 2F 1-1: SINGLE (Groundball, 15S, EV 69.4 MPH) (infield hit)
|
|
Batting: RHB Chris Trites
|
0-0: Swinging Strike 0-1: 2-RUN HOME RUN (Flyball, 78XD, EV 113.8 MPH), Distance : 426 ft
|
|
Batting: RHB Curtis Montgomery
|
0-0: Called Strike 0-1: Ball 1-1: Foul Ball, location: 2F 1-2: Foul Ball, location: 2F 1-2: Foul Ball, location: 2F 1-2: Strikes out looking
|
|
Batting: RHB Vicente Guillen
|
0-0: Swinging Strike 0-1: Swinging Strike 0-2: Strikes out swinging
|
|
Batting: RHB Rodolfo Cosme
|
0-0: Ball 1-0: Swinging Strike 1-1: Foul Ball, location: 2F 1-2: Foul Ball, location: 2F 1-2: Ball 2-2: Foul Ball, location: 2F 2-2: Ball 3-2: Base on Balls
|
|
Batting: RHB Rafael Reyes
|
0-0: Called Strike 0-1: Ball Wild Pitch! Rodolfo Cosme to second 1-1: 2-RUN HOME RUN (Flyball, 9D, EV 99.4 MPH), Distance : 388 ft
|
|
Batting: RHB Gebre-Giorgios Wangondu
|
0-0: SOLO HOME RUN (Flyball, 78XD, EV 110.6 MPH), Distance : 425 ft
|
|
Batting: LHB Tamaichi Sasada
|
0-0: Called Strike 0-1: Foul Ball, location: 2F 0-2: Foul Ball, location: 2F 0-2: Ball 1-2: Ball 2-2: Foul Ball, location: 2F 2-2: Fly out, F8 (Flyball, 8LD, EV 94.4 MPH)
|
| Top of the 3rd over - 5 runs, 4 hits, 0 errors, 0 left on base; Danville 17 - Chicago (APP) 0 |
| BOTTOM OF THE 3RD |
|
Chicago (APP) Cubs batting - Pitching for Danville Braves : RHP Iestyn Nicholls
|
|
Batting: LHB Tom Mooney
|
0-0: Ball 1-0: Ball 2-0: Called Strike 2-1: Called Strike 2-2: Strikes out swinging
|
|
Batting: RHB Ricardo Saucedo
|
0-0: Called Strike 0-1: Ball 1-1: Foul Ball, location: 2F 1-2: Strikes out swinging
|
|
Batting: RHB Bogdan Sdobnyakov
|
0-0: Ball 1-0: Foul Ball, location: 2F 1-1: Ball 2-1: Called Strike 2-2: Strikes out swinging
|
| Bottom of the 3rd over - 0 runs, 0 hits, 0 errors, 0 left on base; Danville 17 - Chicago (APP) 0 |
| TOP OF THE 4TH |
|
Danville Braves batting - Pitching for Chicago (APP) Cubs : RHP Roberto Cruz
|
|
Batting: RHB Tim Molchan
|
0-0: Ball 1-0: Ball 2-0: Ball 3-0: Base on Balls
|
|
Batting: RHB Dave Pizarro
|
0-0: Foul Ball, location: 2F 0-1: Foul Ball, location: 2F 0-2: Ball 1-2: Ball 2-2: Foul Ball, location: 2F 2-2: Foul Ball, location: 2F 2-2: DOUBLE (Line Drive, 9LS, EV 110.0 MPH) Tim Molchan to third
|
|
Batting: RHB Chris Trites
|
0-0: Ball 1-0: Ball 2-0: Foul Ball, location: 2F 2-1: Ball 3-1: Ground out 2-3 (Groundball, 15S, EV 71.9 MPH)
|
|
Batting: RHB Curtis Montgomery
|
0-0: Ball 1-0: Ball 2-0: Swinging Strike 2-1: Foul Ball, location: 2F 2-2: Ball 3-2: Foul Ball, location: 2F 3-2: Base on Balls
|
|
Batting: RHB Vicente Guillen
|
0-0: Ball 1-0: Ball 2-0: Ball 3-0: Called Strike 3-1: Base on Balls Tim Molchan scores Dave Pizarro to third Curtis Montgomery to second
|
|
Batting: RHB Rodolfo Cosme
|
0-0: Ball 1-0: Ball 2-0: Ball 3-0: Called Strike 3-1: Base on Balls Dave Pizarro scores Curtis Montgomery to third Vicente Guillen to second
|
|
Batting: RHB Rafael Reyes
|
0-0: Ball 1-0: Ball 2-0: Ball 3-0: Called Strike 3-1: Base on Balls Curtis Montgomery scores Vicente Guillen to third Rodolfo Cosme to second
|
|
Batting: RHB Gebre-Giorgios Wangondu
|
0-0: Called Strike 0-1: Swinging Strike 0-2: Ball 1-2: Foul Ball, location: 2F 1-2: Ball 2-2: Ball 3-2: Foul Ball, location: 2F 3-2: Base on Balls Vicente Guillen scores Rodolfo Cosme to third Rafael Reyes to second
|
|
Batting: LHB Tamaichi Sasada
|
0-0: GRAND SLAM HOME RUN (Flyball, 9LD, EV 96.2 MPH), Distance : 360 ft
|
|
Batting: RHB Tim Molchan
|
0-0: Called Strike 0-1: Foul Ball, location: 2F 0-2: SINGLE (Groundball, 6MD, EV 95.0 MPH)
|
|
Batting: RHB Dave Pizarro
|
0-0: DOUBLE (Line Drive, 8RXD, EV 110.6 MPH) Tim Molchan to third
|
|
Batting: RHB Chris Trites
|
0-0: 3-RUN HOME RUN (Line Drive, 78XD, EV 106.9 MPH), Distance : 438 ft
|
|
Batting: RHB Curtis Montgomery
|
0-0: Fly out, F7 (Flyball, 78S, EV 80.0 MPH)
|
|
Batting: RHB Vicente Guillen
|
0-0: Called Strike 0-1: Swinging Strike 0-2: Strikes out swinging
|
| Top of the 4th over - 11 runs, 5 hits, 0 errors, 0 left on base; Danville 28 - Chicago (APP) 0 |
| BOTTOM OF THE 4TH |
|
Chicago (APP) Cubs batting - Pitching for Danville Braves : RHP Iestyn Nicholls
|
|
Batting: RHB Adrian Cox
|
0-0: SINGLE (Groundball, 6MS, EV 83.8 MPH) (infield hit)
|
|
Batting: RHB Mike Hill
|
0-0: Ball 1-0: Called Strike Adrian Cox steals 2nd base 1-1: DOUBLE (Line Drive, 78XD, EV 98.8 MPH) Adrian Cox scores
|
|
Batting: RHB T.J. Garrison
|
0-0: Hit by Pitch
|
|
Batting: LHB Hiroki Yamamoto
|
0-0: Ball 1-0: Foul Ball, location: 2F 1-1: Ball 2-1: Foul Ball, location: 2F 2-2: Fielders Choice at 2nd, 3-6 (Groundball, 13, EV 79.4 MPH) Mike Hill to third
|
|
Batting: RHB Dustin Goldsborough
|
0-0: Called Strike 0-1: Called Strike 0-2: Strikes out looking
|
|
Batting: RHB Andy Baumhardt
|
0-0: Swinging Strike 0-1: Ball 1-1: Called Strike 1-2: Foul Ball, location: 2F 1-2: Ball 2-2: Ball 3-2: Strikes out swinging
|
| Bottom of the 4th over - 1 run, 2 hits, 0 errors, 2 left on base; Danville 28 - Chicago (APP) 1 |
| TOP OF THE 5TH |
|
Danville Braves batting - Pitching for Chicago (APP) Cubs : RHP Roberto Cruz
|
|
Batting: RHB Rodolfo Cosme
|
0-0: DOUBLE (Flyball, 8LXD, EV 108.1 MPH)
|
|
Batting: RHB Rafael Reyes
|
0-0: Fly out, F9 (Flyball, 89M, EV 88.8 MPH)
|
|
Batting: RHB Gebre-Giorgios Wangondu
|
0-0: Fly out, F8 (Line Drive, 8RD, EV 86.9 MPH)
|
|
Batting: LHB Tamaichi Sasada
|
0-0: DOUBLE (Line Drive, 9LM, EV 96.9 MPH) Rodolfo Cosme scores
|
|
Batting: RHB Tim Molchan
|
0-0: Ball 1-0: Ground out 2-3 (Groundball, 2R, EV 66.2 MPH)
|
| Top of the 5th over - 1 run, 2 hits, 0 errors, 1 left on base; Danville 29 - Chicago (APP) 1 |
| BOTTOM OF THE 5TH |
|
Chicago (APP) Cubs batting - Pitching for Danville Braves : RHP Iestyn Nicholls
|
|
Batting: LHB Tom Mooney
|
0-0: Ball 1-0: Swinging Strike 1-1: Foul Ball, location: 2F 1-2: Foul Ball, location: 2F 1-2: Strikes out swinging
|
|
Batting: RHB Ricardo Saucedo
|
0-0: Ball 1-0: Called Strike 1-1: Ball 2-1: Called Strike 2-2: Strikes out swinging
|
|
Batting: RHB Bogdan Sdobnyakov
|
0-0: Ball 1-0: Ball 2-0: Called Strike 2-1: Ball 3-1: Base on Balls
|
|
Batting: RHB Adrian Cox
|
0-0: Called Strike 0-1: Ball 1-1: Fly out, F8 (Flyball, 8RD, EV 106.2 MPH)
|
| Bottom of the 5th over - 0 runs, 0 hits, 0 errors, 1 left on base; Danville 29 - Chicago (APP) 1 |
| TOP OF THE 6TH |
|
Danville Braves batting - Pitching for Chicago (APP) Cubs : RHP Roberto Cruz
|
|
Batting: RHB Dave Pizarro
|
0-0: Ball 1-0: Ball 2-0: Ball 3-0: Called Strike 3-1: Base on Balls
|
|
Batting: RHB Chris Trites
|
0-0: Fly out, F2 (Popup, 5SF, EV 81.9 MPH)
|
|
Batting: RHB Curtis Montgomery
|
0-0: Foul Ball, location: 2F 0-1: Ball 1-1: Ball 2-1: Ball 3-1: Base on Balls Dave Pizarro to second
|
|
Batting: RHB Vicente Guillen
|
0-0: Swinging Strike 0-1: Ball 1-1: Ball 2-1: Foul Ball, location: 2F 2-2: Ball 3-2: Foul Ball, location: 2F 3-2: Strikes out swinging
|
|
Batting: RHB Rodolfo Cosme
|
0-0: Ball 1-0: Fly out, F3 (Popup, 3SF, EV 75.0 MPH)
|
| Top of the 6th over - 0 runs, 0 hits, 0 errors, 2 left on base; Danville 29 - Chicago (APP) 1 |
| BOTTOM OF THE 6TH |
|
Chicago (APP) Cubs batting - Pitching for Danville Braves : RHP Iestyn Nicholls
|
|
Batting: RHB Mike Hill
|
0-0: Called Strike 0-1: Foul Ball, location: 2F 0-2: Foul Ball, location: 2F 0-2: Strikes out swinging
|
|
Batting: RHB T.J. Garrison
|
0-0: Ball 1-0: Called Strike 1-1: Ground out 1-3 (Groundball, 15S, EV 66.9 MPH)
|
|
Batting: LHB Hiroki Yamamoto
|
0-0: Foul Ball, location: 2F 0-1: Ball 1-1: Ball 2-1: Ball 3-1: Fly out, F6 (Line Drive, 6, EV 67.5 MPH)
|
| Bottom of the 6th over - 0 runs, 0 hits, 0 errors, 0 left on base; Danville 29 - Chicago (APP) 1 |
| TOP OF THE 7TH |
|
Danville Braves batting - Pitching for Chicago (APP) Cubs : RHP Roberto Cruz
|
|
Batting: RHB Rafael Reyes
|
0-0: Ball 1-0: Ball 2-0: Foul Ball, location: 2F 2-1: Fly out, F9 (Flyball, 89D, EV 98.1 MPH)
|
|
Batting: RHB Gebre-Giorgios Wangondu
|
0-0: Called Strike 0-1: Ball 1-1: Ball 2-1: Ball 3-1: Called Strike 3-2: Base on Balls
|
|
Batting: LHB Tamaichi Sasada
|
0-0: Fielders Choice at 2nd, 4-6 (Groundball, 4, EV 83.8 MPH)
|
|
Batting: RHB Tim Molchan
|
0-0: Ball 1-0: SINGLE (Groundball, 34D, EV 98.8 MPH) Tamaichi Sasada to second Runner from 2nd tries for 3rd, SAFE, throw by RF made to third
|
|
Pinch Hitting: RHB Tony Cabrera
|
0-0: Called Strike 0-1: Fielders Choice at 2nd, 6-4 (Groundball, 6, EV 81.9 MPH)
|
| Top of the 7th over - 0 runs, 1 hit, 0 errors, 2 left on base; Danville 29 - Chicago (APP) 1 |
| BOTTOM OF THE 7TH |
|
Chicago (APP) Cubs batting - Pitching for Danville Braves : RHP Iestyn Nicholls
|
|
Pitching: LHP Darius Brown
|
|
|
Now in RF: Tony Cabrera
|
|
|
Batting: RHB Dustin Goldsborough
|
0-0: Called Strike 0-1: Ball 1-1: Foul Ball, location: 2F 1-2: Ball 2-2: Strikes out swinging
|
|
Batting: RHB Andy Baumhardt
|
0-0: Ball 1-0: Ball 2-0: Ball 3-0: Called Strike 3-1: Ground out 2-3 (Groundball, 15S, EV 73.1 MPH)
|
|
Batting: LHB Tom Mooney
|
0-0: Ball 1-0: Fly out, F6 (Line Drive, 6, EV 71.2 MPH)
|
| Bottom of the 7th over - 0 runs, 0 hits, 0 errors, 0 left on base; Danville 29 - Chicago (APP) 1 |
| TOP OF THE 8TH |
|
Danville Braves batting - Pitching for Chicago (APP) Cubs : RHP Roberto Cruz
|
|
Batting: RHB Chris Trites
|
0-0: Foul Ball, location: 2F 0-1: Foul Ball, location: 2F 0-2: Ball 1-2: Strikes out looking
|
|
Batting: RHB Curtis Montgomery
|
0-0: Ball 1-0: Swinging Strike 1-1: Swinging Strike 1-2: Strikes out swinging
|
|
Batting: RHB Vicente Guillen
|
0-0: Foul Ball, location: 2F 0-1: Called Strike 0-2: SINGLE (Groundball, P, EV 83.1 MPH) (infield hit)
|
|
Batting: RHB Rodolfo Cosme
|
0-0: Ground out 4-3 (Groundball, 34, EV 86.9 MPH)
|
| Top of the 8th over - 0 runs, 1 hit, 0 errors, 1 left on base; Danville 29 - Chicago (APP) 1 |
| BOTTOM OF THE 8TH |
|
Chicago (APP) Cubs batting - Pitching for Danville Braves : LHP Darius Brown
|
|
Batting: RHB Ricardo Saucedo
|
0-0: Called Strike 0-1: Ball 1-1: Called Strike 1-2: Ball 2-2: Strikes out swinging
|
|
Batting: RHB Bogdan Sdobnyakov
|
0-0: Called Strike 0-1: Called Strike 0-2: Strikes out swinging
|
|
Batting: RHB Adrian Cox
|
0-0: Called Strike 0-1: Foul Ball, location: 2F 0-2: Strikes out swinging
|
| Bottom of the 8th over - 0 runs, 0 hits, 0 errors, 0 left on base; Danville 29 - Chicago (APP) 1 |
| TOP OF THE 9TH |
|
Danville Braves batting - Pitching for Chicago (APP) Cubs : RHP Roberto Cruz
|
|
Batting: RHB Rafael Reyes
|
0-0: Ground out 5-3 (Groundball, 56, EV 79.4 MPH)
|
|
Batting: RHB Gebre-Giorgios Wangondu
|
0-0: Ball 1-0: Called Strike 1-1: Ball 2-1: Foul Ball, location: 2F 2-2: Ball 3-2: Base on Balls
|
|
Batting: LHB Tamaichi Sasada
|
0-0: Ball 1-0: Foul Ball, location: 2F 1-1: DOUBLE (Flyball, 89D, EV 93.1 MPH) Gebre-Giorgios Wangondu to third
|
|
Batting: RHB Tim Molchan
|
0-0: DOUBLE (Line Drive, 78XD, EV 108.1 MPH) Gebre-Giorgios Wangondu scores Tamaichi Sasada scores
|
|
Batting: RHB Tony Cabrera
|
0-0: Ground out 4-3 (Groundball, 4S, EV 92.5 MPH) Tim Molchan to third
|
|
Batting: RHB Chris Trites
|
0-0: Called Strike 0-1: Fly out, F9 (Flyball, 9LD, EV 91.9 MPH)
|
| Top of the 9th over - 2 runs, 2 hits, 0 errors, 1 left on base; Danville 31 - Chicago (APP) 1 |
| BOTTOM OF THE 9TH |
|
Chicago (APP) Cubs batting - Pitching for Danville Braves : LHP Darius Brown
|
|
Batting: RHB Mike Hill
|
0-0: Ground out 5-3 (Groundball, 56, EV 109.4 MPH)
|
|
Batting: RHB T.J. Garrison
|
0-0: Ball 1-0: Ball 2-0: Foul Ball, location: 2F 2-1: Foul Ball, location: 2F 2-2: Ball 3-2: Strikes out swinging
|
|
Batting: LHB Hiroki Yamamoto
|
0-0: Called Strike 0-1: Foul Ball, location: 2F 0-2: Ball 1-2: Strikes out swinging
|
| Bottom of the 9th over - 0 runs, 0 hits, 0 errors, 0 left on base; Danville 31 - Chicago (APP) 1 |
|